 Dungeon Crawl Stone Soup version 0.27-a0-828-g8289197e94 (console) character file.

Game seed: 10670936124036118909

1333 jejorda2 the Spear-Bearer (level 8, -1/96 HPs)
             Began as a Merfolk Berserker on Mar 30, 2021.
             Was a Priest of Trog.
             Slain by a killer bee (5 damage)
             ... on level 5 of the Dungeon.
             The game lasted 00:11:01 (4855 turns).

jejorda2 the Spear-Bearer (Merfolk Berserker)       Turns: 4855, Time: 00:11:02

Health: -1/96      AC: 13    Str: 19    XL:     8   Next: 61%
Magic:  8/8        EV:  6    Int:  7    God:    Trog [***...]
Gold:   90         SH:  0    Dex: 13    Spells: 7/7 levels left

rFire    . . .     SeeInvis .   a - +1 bardiche (protect)
rCold    . . .     Faith    .   (shield currently unavailable)
rNeg     . . .     Spirit   .   c - +0 plate armour
rPois    .         Reflect  .   l - +0 helmet
rElec    .         Harm     .   (no cloak)
rCorr    .         Rampage  .   (no gloves)
Will     .....                  (no boots)
Stlth    ..........             (no amulet)
HPRegen  0.26/turn              (no ring)
MPRegen  0.11/turn              (no ring)

@: berserking, very quick
A: (nimble swimmer 2), mertail
a: Renounce Religion, Berserk, Trog's Hand


You were on level 5 of the Dungeon.
You worshipped Trog.
Trog was most pleased with you.
You visited 1 branch of the dungeon, and saw 6 of its levels.

You collected 230 gold pieces.
You spent 140 gold pieces at shops.

Inventory:

Hand Weapons
 a - a +1 bardiche of protection (weapon)
 p - a +0 spear
Missiles
 e - 7 boomerangs
 h - 15 poisoned darts (quivered)
 i - a throwing net
Armour
 c - a +0 plate armour (worn)
 l - a +0 helmet (worn)
Wands
 k - a wand of charming (6)
Scrolls
 d - 5 scrolls of teleportation
Potions
 b - a potion of invisibility {unknown}
 f - 2 potions of magic {unknown}
 g - a potion of attraction {unknown}
 j - a potion of cancellation {unknown}
 m - a potion of haste {unknown}
 n - a potion of mutation {unknown}
 o - a potion of flight {unknown}
 q - a potion of ambrosia {unknown}


   Skills:
 - Level 6.0 Fighting
 * Level 11.3 Polearms
 + Level 4.1 Armour
 - Level 2.6 Dodging


You had 7 spell levels left.
You didn't know any spells.
Your spell library was empty.

Dungeon Overview and Level Annotations

Branches:
Dungeon (6/15)
 Temple: D:4-7

Altars:
Elyvilon

Shops:
D:3 =:[(


Innate Abilities, Weirdness & Mutations

((You are quick and stealthy near water. (Stealth+, EV+, Speed+++)))
Your lower body shifts to a powerful aquatic tail in water.


Message History

You miss the killer bee.
You feel sick.
You are no longer poisoned.
The killer bee stings you. The killer bee completely misses you.
The killer bee stings you.
* * * LOW HITPOINT WARNING * * *
The killer bee stings you.
* * * LOW HITPOINT WARNING * * *
You closely miss the killer bee. The killer bee barely misses you.
The killer bee stings you but does no damage. x4
The killer bee barely misses you.
You slice the killer bee!!
Your weapon exudes an aura of protection.
You kill the killer bee!
Trog accepts your kill.
The killer bee barely misses you. x2; The killer bee stings you.
* * * LOW HITPOINT WARNING * * *
The killer bee closely misses you.
You barely miss the killer bee. The killer bee stings you!
* * * LOW HITPOINT WARNING * * *
The killer bee barely misses you. The killer bee stings you.
* * * LOW HITPOINT WARNING * * *
The killer bee stings you but does no damage.
You completely miss the killer bee.
The killer bee stings you but does no damage. x2
The killer bee barely misses you.
You miss the killer bee. The killer bee barely misses you.
The killer bee stings you but does no damage. x4
You miss the killer bee.
The killer bee stings you but does no damage. x2
The killer bee stings you.
* * * LOW HITPOINT WARNING * * *
The killer bee stings you but does no damage.
You miss the killer bee. The killer bee barely misses you.
The killer bee stings you but does no damage.
The killer bee stings you.
* * * LOW HITPOINT WARNING * * *
You closely miss the killer bee. The killer bee stings you.
* * * LOW HITPOINT WARNING * * *
The killer bee stings you.
You die...

.###.##### .###.....#
.........#
.........##########
.........#........#
###...##.#........#
###...##.#........#
.##......#.....y..#
................@.#
..#.###........y..#
..#.# #.....####'#####
.##.# #..............#
....# #####....?.....#
.########............#
............####.#####
.#######....####.######
.#.....#.............[#


You could see 2 killer bees.

Vanquished Creatures
  A black bear (D:6)
  2 necrophages
  An ogre (D:5)
  Blork the orc (D:4)
  A wyvern zombie (D:5)
  4 scorpions
  A water moccasin skeleton (D:4)
  A killer bee (D:5)
  A bullfrog zombie (D:5)
  A hound (D:3)
  A jelly (D:4)
  An orc priest (D:3)
  A centaur skeleton (D:5)
  A bullfrog skeleton (D:5)
  2 iguanas
  3 orc wizards (D:4)
  Robin (D:3)
  8 adders
  A gnoll (D:6)
  An ufetubus (D:5)
  3 dart slugs
  2 worms
  15 orcs
  8 bats
  4 endoplasms
  2 giant cockroaches
  16 goblins
  A hobgoblin (D:2)
  12 jackals
  9 kobolds
  3 quokkas
  9 ball pythons
  3 frilled lizards
  A quokka skeleton (D:4)
  6 rats
128 creatures vanquished.

Vanquished Creatures (others)
  A bullfrog zombie (D:6)
1 creature vanquished.

Grand Total: 129 creatures vanquished

Notes
Turn   | Place    | Note
-------+----------+-------------------------------------------
     0 | D:1      | jejorda2 the Merfolk Berserker began the quest for the Orb.
     0 | D:1      | Reached XP level 1. HP: 18/18 MP: 1/1
    61 | D:1      | Reached XP level 2. HP: 24/24 MP: 2/2
   120 | D:1      | Reached skill level 5 in Polearms
   250 | D:1      | Reached ** piety under Trog
   540 | D:1      | Reached XP level 3. HP: 29/29 MP: 3/3
   972 | D:2      | Reached XP level 4. HP: 29/37 MP: 4/4
  1070 | D:2      | Found a white marble altar of Elyvilon.
  1316 | D:2      | Noticed a necrophage
  1328 | D:2      | Killed a necrophage
  1329 | D:2      | Reached skill level 6 in Polearms
  1329 | D:2      | Reached XP level 5. HP: 42/42 MP: 5/5
  1604 | D:3      | Found Pixtos's Weapon Shop.
  1669 | D:3      | Reached skill level 7 in Polearms
  1813 | D:3      | Found Ugro Emohah's Jewellery Shop.
  1847 | D:3      | Found Susew's Book Shop.
  1861 | D:3      | Found Plog's Armour Boutique.
  2066 | D:3      | Reached XP level 6. HP: 49/49 MP: 6/6
  2316 | D:3      | Reached *** piety under Trog
  2445 | D:4      | Noticed Robin
  2566 | D:3      | Killed Robin
  2913 | D:4      | Reached skill level 8 in Polearms
  2946 | D:4      | Reached skill level 5 in Fighting
  2952 | D:4      | Noticed Blork the orc
  2970 | D:4      | Killed Blork the orc
  2971 | D:4      | Reached XP level 7. HP: 38/56 MP: 7/7
  3395 | D:4      | Reached skill level 9 in Polearms
  3757 | D:3      | Bought a +0 bardiche of protection for 140 gold pieces
  3792 | D:5      | Entered Level 5 of the Dungeon
  4053 | D:5      | Reached XP level 8. HP: 59/64 MP: 8/8
  4064 | D:5      | Reached skill level 10 in Polearms
  4656 | D:6      | Identified the +1 robe of Vetisao {rF+ Dex+3 Slay+3}
  4744 | D:6      | Reached skill level 11 in Polearms
  4855 | D:5      | HP: 4/96 [killer bee (5)]
  4855 | D:5      | Slain by a killer bee

Illustrated notes

Levels and vault maps discovered:
D:1:      minmay_arrival_stair_chambers, layout_rooms
D:2:      layout_basic, elyvilon_altar_4
D:3:      layout_basic, serial_shops, nicolae_shop_behind_doors, shop, shop,
          shop, nrook_campfire
D:4:      layout_cave_pools, uniq_blork_the_orc, uniq_robin
D:5:      layout_basic
D:6:      layout_cave_pools, minmay_misc_feat_pillars, lemuel_flame_loot_1,
          uniq_crazy_yiuf_cottage

Skill      XL: |  1  2  3  4  5  6  7  8 |
---------------+-------------------------+-----
Polearms       | 5 6 7 8 9 11 | 11.3
Fighting       | 4 5 6 |  6.0
Armour         | 2 3 4 |  4.1
Dodging        | |  2.6

Action                   |  1- 3 |  4- 6 |  7- 9 || total
-------------------------+-------+-------+-------++-------
Melee: Spear             |    94 |   283 |    88 ||   465
       Bardiche          |       |       |    70 ||    70
Throw: Boomerang         |       |       |     1 ||     1
Invok: Berserk           |     1 |     3 |     3 ||     7
       Trog's Hand       |       |     2 |       ||     2
  Use: Scroll            |       |       |     4 ||     4
Armor: Animal skin       |    14 |       |       ||    14
       Chain mail        |    17 |   134 |    34 ||   185
       Plate armour      |       |       |    59 ||    59
Dodge: Dodged            |    43 |    90 |    63 ||   196

Table legend: (Time is in decaauts)
 A = Elapsed time spent in this place.
 B = Non-inter-level travel time spent in this place.
 C = Inter-level travel time spent in this place.
 D = Time resting spent in this place.
 E = Time spent auto-exploring this place.
 F = Levels seen in this place.
 G = Mean time per level.
                   A        B        C        D        E       F      G
               +--------+--------+--------+--------+--------+-----+--------+
         Total |   4823 |   4532 |    291 |    409 |   3282 |   6 |  803.8 |
       Dungeon |   4823 |   4532 |    291 |    409 |   3282 |   6 |  803.8 |
               +--------+--------+--------+--------+--------+-----+--------+

Top non-repeatable levels by time:
     D:3: 1152 daAuts
     D:2: 1014 daAuts
     D:4: 972 daAuts
     D:5: 808 daAuts
     D:1: 577 daAuts
     D:6: 299 daAuts
